 Dungeon Crawl Stone Soup version 0.29-a0-111-gbaf749a769 (webtiles) character file.

Game seed: 17470276502574878426

13310 kae the Grappler (level 11, -8/111 HPs)
             Began as a White Draconian Transmuter on Feb 17, 2022.
             Was a Believer of Ru.
             Mangled by a death yak (12 damage)
             ... on level 1 of the Lair of Beasts.
             The game lasted 00:09:39 (14940 turns).

kae the Grappler (White Draconian Transmuter)      Turns: 14940, Time: 00:09:39

Health: -8/111     AC:  8    Str: 15    XL:     11   Next: 73%
Magic:  18/20      EV: 16    Int: 15    God:    Ru [**....]
Gold:   665        SH:  0    Dex: 12    Spells: 15/23 levels left

rFire   x . .      SeeInvis .     - Unarmed
rCold   + + +      Faith    .   (shield currently unavailable)
rNeg    . . .      Spirit   .   (armour unavailable)
rPois   +          Reflect  .   (helmet currently unavailable)
rElec   .          Harm     .   (cloak currently unavailable)
rCorr   .          Rampage  .   (gloves currently unavailable)
Will    .....                   (boots currently unavailable)
Stlth   +.........              o - amulet of regeneration
HPRegen 1.08/turn               i - ring of wizardry
MPRegen 0.17/turn               B - +4 ring of evasion

@: ice-form
A: freezing attack, amphibious, boosted hp, (breathe frost), AC +7, large,
unfitting armour, (cold resistance 1), (cold-blooded), hated by all
a: End Transformation, Renounce Religion


You were on level 1 of the Lair of Beasts.
You worshipped Ru.
Ru was pleased with you.
You were a creature of crystalline ice.
You visited 3 branches of the dungeon, and saw 13 of its levels.

You collected 735 gold pieces.
You spent 70 gold pieces at shops.

Inventory:

Missiles
 e - 2 throwing nets
Armour
 y - a +2 cloak (melded)
Jewellery
 b - a ring of ice
 i - a ring of wizardry (left front paw)
 o - an amulet of regeneration (around neck)
 t - a ring of protection from fire
 B - a +4 ring of evasion (right front paw)
Wands
 r - a wand of acid (9)
 z - a wand of digging (2)
 C - a wand of flame (13)
Scrolls
 d - 3 scrolls of fog
 j - 4 scrolls of magic mapping
 k - a scroll of torment
 m - a scroll of brand weapon
 q - 2 scrolls of fear
 s - a scroll of amnesia
 u - 5 scrolls of teleportation
 x - a scroll of holy word
Potions
 a - 2 potions of berserk rage
 c - a potion of magic
 f - 4 potions of flight
 g - 2 potions of might
 h - 4 potions of brilliance
 l - 6 potions of curing
 n - a potion of invisibility
 p - 2 potions of lignification
 v - a potion of resistance {unknown}
 w - 2 potions of degeneration {unknown}
 A - a potion of ambrosia


   Skills:
 + Level 7.7 Fighting
 + Level 6.6 Dodging
 * Level 10.4 Unarmed Combat
 + Level 6.6 Spellcasting
 * Level 10.2 Transmutations
 - Level 5.0 Ice Magic
 - Level 2.0 Poison Magic


You had 15 spell levels left.
You knew the following spells:

 Your Spells              Type           Power      Damage    Failure   Level
a - Beastly Appendage     Tmut           70%        N/A       1%          1
b - Spider Form           Tmut/Pois      23%        N/A       1%          3
c - Ice Form              Ice/Tmut       27%        N/A       2%          4

Your spell library contained the following spells:

 Spells                   Type           Power      Damage    Failure   Level
 Passwall                 Tmut/Erth      16%        N/A       1%          2
 Wereblood                Tmut           35%        N/A       1%          2
 Apportation              Tloc           8%         N/A       6%          1
 Sandblast                Erth           8%         2d5       6%          1
 Petrify                  Tmut/Erth      20%        N/A       7%          4
 Blink                    Tloc           8%         N/A       9%          2
 Sublimation of Blood     Necr           4%         N/A       9%          2
 Lesser Beckoning         Tloc           4%         N/A       16%         3
 Stone Arrow              Conj/Erth      8%         3d7       16%         3
 Irradiate                Conj/Tmut      10%        3d17      19%         5
 Manifold Assault         Tloc           4%         N/A       80%         5
 Animate Skeleton         Necr           Unusable   N/A       N/A         1
 Summon Small Mammal      Summ           Unusable   N/A       N/A         1

Dungeon Overview and Level Annotations

Branches:
Dungeon (10/15)            Temple (1/1) D:6            Lair (2/6) D:8
    Orc (0/2) D:10
  Swamp: Lair:2-4    Shoals: Lair:2-4     Snake: Lair:2-4    Spider: Lair:2-4

Altars:
Ashenzari
Cheibriados
Dithmenos
Elyvilon
Fedhas
Gozag
Hepliaklqana
Kikubaaqudgha
Makhleb
Nemelex Xobeh
Okawaru
Qazlal
Ru
Sif Muna
Trog
Uskayaw
Vehumet
Wu Jian
Xom
Yredelemnul
Zin
The Shining One

Shops:
D:8 *

Annotations:
D:10 Erica


Innate Abilities, Weirdness & Mutations

You are a creature of crystalline ice.
You have a powerful freezing melee attack.
You are amphibious.
Your maximum health is increased.
Your armour is entirely melded.
You are incapable of wielding weapons or throwing items.
((You can breathe waves of freezing cold which knock back foes.))
((Your icy white scales are hard. (AC +7)))
You cannot fit into any form of body armour.
((Your flesh is cold resistant. (rC+)))
((You are cold-blooded and may be slowed by cold attacks.))
You are hated by all.


Message History

The death yak gores you!!
You are too injured to fight recklessly!
There is a stone staircase leading up here.
The death yak gores you!
You climb upwards.
There is a stone staircase leading down here.
You are too injured to fight recklessly!
You are too injured to fight recklessly!
You are too injured to fight recklessly!
You are too injured to fight recklessly!
You are too injured to fight recklessly!
You are too injured to fight recklessly!
You hit the death yak but do no damage. The death yak misses you.
You hit the death yak. You freeze the death yak.
The death yak is lightly wounded.
The death yak gores you!!
You hit the death yak but do no damage.
The death yak is lightly wounded.
The death yak gores you!
* * * LOW HITPOINT WARNING * * *
You hit the death yak but do no damage.
The death yak is lightly wounded.
The death yak misses you.
You hit the death yak. You freeze the death yak.
The death yak is lightly wounded.
You hit the death yak. You freeze the death yak.
The death yak is lightly wounded.
The death yak misses you.
You punch the death yak! You freeze the death yak.
The death yak is moderately wounded.
The death yak gores you!
* * * LOW HITPOINT WARNING * * *
You punch the death yak! You freeze the death yak.
The death yak is heavily wounded.
The death yak gores you!!
* * * LOW HITPOINT WARNING * * *
You punch the death yak! You freeze the death yak.
The death yak is severely wounded.
The death yak gores you!
You die...

...............###
........[........#
.................#
.................#
.####............#
.# #............#
.# #............#
.## #............#
..###..........YY##
..................#
...............####
.#..##......#..#
##.............#
#..........#..#
#..........#..#
######.........# #
#......#..##


You could see a death yak.

Vanquished Creatures
  2 hydras
  A two-headed ogre (D:8)
  Pikel (D:7)
  A cyclops (D:6)
  A black mamba (Lair:1)
  2 cane toads (Lair:1)
  Maggie (D:9)
  2 komodo dragons (Lair:1)
  A hornet (D:9)
  Prince Ribbit (D:7)
  A wyvern (D:10)
  7 yaks
  Eustachio (D:6)
  A fire bat (D:7)
  2 steam dragons (D:7)
  4 vampire mosquitoes (D:10)
  The ghost of gilleain the Conjurer, an amateur HuCj of Sif Muna (D:5)
  Edmund (D:4)
  An acid dragon (D:9)
  9 water moccasins
  Duvessa (D:4)
  4 sky beasts
  An ice beast (D:7)
  2 black bears (D:8)
  A swamp drake (D:7)
  An ogre (D:6)
  4 orc warriors
  A centaur (D:6)
  5 wolves (Lair:1)
  4 kobold brigands
  2 phantoms
  5 bullfrogs
  A wyvern zombie (D:8)
  Dowan (D:4)
  A wyvern skeleton (D:6)
  3 killer bees
  11 wights
  4 electric eels (D:10)
  3 howler monkeys (D:8)
  3 centaur zombies
  2 hounds
  A jelly (D:7)
  3 orc priests
  Crazy Yiuf (D:2)
  A gnoll shaman (D:7)
  An iron imp (D:6)
  Jessica (D:2)
  2 scorpion zombies (D:5)
  Natasha (thrice) (D:3)
  8 orc wizards
  7 iguanas
  A hound zombie (D:5)
  A howler monkey skeleton (D:4)
  3 howler monkey zombies
  6 gnolls
  6 adders
  A shadow imp (D:6)
  An ufetubus (D:6)
  2 worms
  An adder skeleton (D:4)
  2 dart slugs
  32 orcs
  2 ball pythons
  3 bats (D:1)
  5 endoplasms
  5 goblins
  3 hobgoblins
  18 kobolds
  4 quokkas
  A frilled lizard (D:3)
  4 goblin skeletons (D:6)
  2 kobold skeletons (D:6)
  3 kobold zombies (D:6)
  An orc skeleton (D:6)
  3 rats
239 creatures vanquished.

Vanquished Creatures (others)
  A gnoll (D:7)
  54 fungi (D:8)
  43 plants (D:8)
98 creatures vanquished.

Grand Total: 337 creatures vanquished

Notes
Turn   | Place    | Note
-------+----------+-------------------------------------------
     0 | D:1      | kae the Draconian Transmuter began the quest for the Orb.
     0 | D:1      | Reached XP level 1. HP: 16/16 MP: 3/3
   694 | D:1      | Reached XP level 2. HP: 23/23 MP: 5/5
  1386 | D:2      | Noticed Jessica
  1398 | D:2      | Killed Jessica
  1399 | D:2      | Reached XP level 3. HP: 10/28 MP: 6/6
  1828 | D:2      | Found a faded altar of an unknown god.
  1871 | D:2      | Learned a level 3 spell: Spider Form
  2150 | D:2      | Found a runed translucent door.
  2151 | D:2      | Noticed Crazy Yiuf
  2687 | D:3      | Reached XP level 4. HP: 29/36 MP: 5/7
  3013 | D:3      | Reached skill level 1 in Poison Magic
  3078 | D:3      | Reached XP level 5. HP: 32/41 MP: 5/8
  3174 | D:3      | Noticed Natasha
  3184 | D:3      | Killed Natasha
  3323 | D:3      | Noticed Natasha
  3333 | D:3      | Killed Natasha
  4327 | D:3      | Noticed Natasha
  4335 | D:3      | Killed Natasha
  4589 | D:4      | Reached XP level 6. HP: 27/50 MP: 9/9
  4597 | D:4      | Learned a level 4 spell: Ice Form
  5333 | D:5      | Entered Level 5 of the Dungeon
  5418 | D:5      | Reached skill level 1 in Ice Magic
  5691 | D:5      | Your scales start taking on an icy white colour.
  5691 | D:5      | Reached XP level 7. HP: 52/56 MP: 8/11
  5691 | D:5      | Gained mutation: Your flesh is cold resistant. (rC+) [White
                  | Draconian growth]
  5846 | D:5      | Found a runed translucent door.
  5846 | D:5      | Noticed gilleain's ghost (amateur HuCj)
  6115 | D:5      | Noticed Dowan
  6117 | D:5      | Noticed Duvessa
  6118 | D:5      | Noticed Edmund
  6335 | D:4      | Killed Edmund
  6628 | D:5      | Identified the +5 spear of the Desolation of Salt {vorpal,
                  | rN+ Dex+2}
  6651 | D:5      | Reached skill level 5 in Unarmed Combat
  6744 | D:5      | Killed gilleain's ghost
  6966 | D:6      | Reached XP level 8. HP: 11/63 MP: 8/13
  7244 | D:6      | Reached skill level 5 in Transmutations
  7720 | D:6      | Noticed a cyclops
  7730 | D:6      | Killed a cyclops
  7731 | D:6      | Reached skill level 5 in Ice Magic
  7835 | D:6      | Found a glowing golden altar of the Shining One.
  7895 | D:6      | Noticed Eustachio
  7897 | D:6      | Found a staircase to the Ecumenical Temple.
  7908 | D:6      | Killed Eustachio
  7995 | Temple   | Entered the Ecumenical Temple
  8416 | D:6      | Reached XP level 9. HP: 72/72 MP: 15/15
  8591 | D:7      | Found an iron altar of Okawaru.
  8591 | D:7      | Found a burning altar of Makhleb.
  8591 | D:7      | Found a blossoming altar of Fedhas.
  8635 | D:7      | Noticed Pikel
  8654 | D:7      | Killed Pikel
  8655 | D:7      | Reached skill level 5 in Fighting
  8773 | D:7      | Noticed a five-headed hydra
  8783 | D:7      | Killed a five-headed hydra
  9064 | D:7      | Reached skill level 5 in Dodging
  9130 | D:7      | Noticed Prince Ribbit
  9140 | D:7      | Killed Prince Ribbit
  9141 | D:7      | Reached XP level 10. HP: 82/82 MP: 13/17
  9183 | D:7      | Found a hazy altar of Hepliaklqana.
  9255 | D:7      | Reached skill level 5 in Spellcasting
 10030 | D:8      | Noticed a two-headed ogre
 10043 | D:8      | Killed a two-headed ogre
 10122 | D:8      | Found a staircase to the Lair.
 10304 | D:8      | Found Kegienet's General Store.
 10312 | D:8      | Bought a potion of lignification for 42 gold pieces
 10312 | D:8      | Bought a scroll of identify for 28 gold pieces
 11533 | D:9      | Reached XP level 11. HP: 91/91 MP: 14/19
 11630 | D:9      | Noticed Maggie
 11638 | D:9      | Killed Maggie
 12148 | D:2      | Killed Crazy Yiuf
 12373 | D:4      | Killed Duvessa
 12382 | D:4      | Killed Dowan
 12875 | D:10     | Entered Level 10 of the Dungeon
 13215 | D:10     | Noticed Erica
 13359 | D:10     | Found a sacrificial altar of Ru.
 13489 | D:10     | Became a worshipper of Ru the Awakened
 13658 | D:10     | Found a staircase to the Orcish Mines.
 13967 | Lair:1   | Entered Level 1 of the Lair of Beasts
 14066 | Lair:1   | Reached skill level 10 in Unarmed Combat
 14471 | Lair:1   | Noticed a seven-headed hydra
 14480 | Lair:1   | Killed a seven-headed hydra
 14481 | Lair:1   | Reached skill level 10 in Transmutations
 14548 | Lair:1   | Gained mutation: You are hated by all. [Ru sacrifice]
 14548 | Lair:1   | Reached * piety under Ru
 14548 | Lair:1   | Reached ** piety under Ru
 14922 | Lair:2   | Noticed a death yak
 14923 | Lair:2   | Noticed a death yak
 14924 | Lair:2   | Noticed a death yak
 14925 | Lair:2   | Noticed a five-headed hydra
 14926 | Lair:2   | Noticed a death yak
 14926 | Lair:2   | Noticed a death yak
 14939 | Lair:1   | HP: 4/111 [death yak (23)]
 14940 | Lair:1   | Mangled by a death yak

Illustrated notes

Levels and vault maps discovered:
D:1:      dpeg_arrival_tiny_j, layout_basic, minivault_26, chequers_avenue
D:2:      layout_basic, basic_ecumenical_altar, uniq_crazy_yiuf_cottage,
          uniq_jessica
D:3:      layout_basic, uniq_natasha
D:4:      layout_rooms
D:5:      layout_rooms, hellmonk_ghost_happy_afterlife, uniq_edmund,
          uniq_duvessa
D:6:      layout_rooms, nicolae_tso_besieged_by_evil,
          minmay_temple_entry_mini_moons, uniq_eustachio
D:7:      layout_loops_ring, gammafunk_temple_overflow_claw,
          overflow_temple_1_default, kennysheep_donut, minmay_misc_feat_rows,
          uniq_prince_ribbit1, uniq_pikel
D:8:      layout_loops_corners, due_lair_maze_entry_diamond, serial_shops, shop
D:9:      layout_irregular_city, uniq_maggie
D:10:     layout_irregular_city, hangedman_ru_absence, orc_0_dummy,
          water_maze_lemuel, uniq_erica
Temple:   minmay_temple_bridge_d
Lair:1:   layout_gridlike
Lair:2:   layout_chaotic_city, serial_bayou_shore_b, uniq_gastronok, uniq_urug

Skill      XL: |  1  2  3  4  5  6  7  8  9 10 11 |
---------------+----------------------------------+-----
Dodging        | 2 3 4 5 6 |  6.6
Fighting       | 2 3 4 5 6 7 |  7.7
Transmutations | 3 4 5 7 9 10 | 10.2
Poison Magic   | 1 2 |  2.0
Unarmed Combat | 4 5 6 7 9 10 | 10.4
Ice Magic      | 2 3 5 |  5.0
Spellcasting   | 3 4 5 6 |  6.6

Action                   |  1- 3 |  4- 6 |  7- 9 | 10-12 || total
-------------------------+-------+-------+-------+-------++-------
Melee: Unarmed           |    73 |   158 |   203 |   318 ||   752
       Tailslap          |     7 |     9 |     2 |     2 ||    20
       Kick              |    13 |    35 |       |       ||    48
       Headbutt          |     7 |    10 |       |       ||    17
       Punch             |     4 |     3 |     1 |       ||     8
 Cast: Beastly Appendage |    17 |    22 |       |       ||    39
       Spider Form       |       |     7 |     7 |       ||    14
       Ice Form          |       |       |    24 |    60 ||    84
Invok: Sacrifice Love    |       |       |       |     1 ||     1
Evoke: Wand              |       |       |       |     5 ||     5
  Use: Scroll            |     7 |     4 |     4 |     7 ||    22
       Potion            |       |     1 |     1 |       ||     2
Armor: Skin              |    28 |    20 |    64 |    86 ||   198
Dodge: Dodged            |    45 |   100 |   110 |   170 ||   425

Table legend: (Time is in decaauts)
 A = Elapsed time spent in this place.
 B = Non-inter-level travel time spent in this place.
 C = Inter-level travel time spent in this place.
 D = Time resting spent in this place.
 E = Time spent auto-exploring this place.
 F = Levels seen in this place.
 G = Mean time per level.
                   A        B        C        D        E       F      G
               +--------+--------+--------+--------+--------+-----+--------+
         Total |  14886 |  13981 |    905 |    752 |  11222 |  13 | 1145.1 |
       Dungeon |  13676 |  12827 |    849 |    752 |  10200 |  10 | 1367.6 |
        Temple |    245 |    233 |     12 |      0 |    224 |   1 |  245.0 |
          Lair |    965 |    922 |     43 |      0 |    798 |   2 |  482.5 |
               +--------+--------+--------+--------+--------+-----+--------+

Top non-repeatable levels by time:
     D:3: 2186 daAuts
     D:4: 1531 daAuts
     D:5: 1524 daAuts
     D:1: 1500 daAuts
     D:8: 1363 daAuts
     D:7: 1331 daAuts
     D:2: 1198 daAuts
     D:6: 1110 daAuts
    D:10: 1016 daAuts
  Lair:1: 954 daAuts
     D:9: 912 daAuts
  Temple: 245 daAuts
  Lair:2: 11 daAuts
